Construct Weapon Support Center
Selects Special Operations Battlegroup
Selects Special Operations Battlegroup
Selects M29 Weasel with M1 Pack Howitzer
M29 Weasel with M1 Pack Howitzer
Mechanized Support Center
Selects P-47 Anti-Infantry Loiter
P-47 Anti-Infantry Loiter
Selects UNKNOWN (2162291)
Designate Forward Repair Station
M18 Hellcat Tank Destroyer
P-47 Anti-Infantry Loiter
Selects SSF Commando Squad
Selects Air Re-supply Operation
Designate Forward Repair Station
M18 Hellcat Tank Destroyer
Designate Forward Repair Station